 Dungeon Crawl Stone Soup version 0.27-a0-1612-gde56a17b89 (webtiles) character file.

Game seed: 16636910441945303730

509 Zonian the Conjurer (level 7, -4/35 HPs)
             Began as a Vine Stalker Conjurer on July 22, 2021.
             Slain by a wyvern zombie (11 damage)
             ... on level 5 of the Dungeon.
             The game lasted 00:09:31 (6790 turns).

Zonian the Conjurer (Vine Stalker Conjurer)         Turns: 6790, Time: 00:09:32

Health: -4/35      AC:  3    Str: 10    XL:     7   Next: 19%
Magic:  0/13       EV: 12    Int: 19    God:
Gold:   187        SH:  0    Dex: 13    Spells: 10/13 levels left

rFire    . . .     SeeInvis +   c - +0 hand axe
rCold    . . .     Faith    .   (no shield)
rNeg     . . .     Spirit   +   a - +0 robe
rPois    .         Reflect  .   (no helmet)
rElec    .         Harm     .   (no cloak)
rCorr    .         Rampage  .   g - +0 pair of gloves
Will     .....                  (no boots)
Stlth    ++........             r - amulet of magic regeneration
HPRegen  1.11/turn              x - ring of see invisible
MPRegen  0.38/turn              (no ring)

@: no status effects
A: fangs 2, regeneration 1, magic shield, antimagic bite, no potion heal 2
a: no special abilities


You were on level 5 of the Dungeon.
You visited 1 branch of the dungeon, and saw 5 of its levels.

You collected 187 gold pieces.

Inventory:

Hand Weapons
 b - the +6 arbalest "Damnation" {damnation}
   (You acquired it on level 2 of the Dungeon)

   Any ammunition fired from it explodes in a burst of damnation on striking a
   foe, dealing damage which bypasses armour.
 c - a +0 hand axe (weapon)
 j - a +0 dagger
 l - a +2 falchion of holy wrath
Missiles
 m - 28 poisoned darts
 p - 14 bolts
 s - a throwing net
Armour
 a - a +0 robe (worn)
 g - a +0 pair of gloves (worn)
Jewellery
 r - an amulet of magic regeneration (around neck)
 v - an amulet of the acrobat
 x - a ring of see invisible (left hand)
Wands
 h - a wand of iceblast (15)
 k - a wand of flame (18)
Scrolls
 i - 2 scrolls of teleportation
Potions
 d - 2 potions of heal wounds
 e - 2 potions of flight {unknown}
 f - 2 potions of ambrosia {unknown}
 n - a potion of lignification {unknown}
 o - 3 potions of haste
 q - 3 potions of curing {unknown}
 t - a potion of magic {unknown}
 u - a potion of berserk rage {unknown}
 w - a potion of invisibility {unknown}
 z - a potion of brilliance {unknown}


   Skills:
 + Level 2.0 Fighting
 + Level 2.7 Axes
 + Level 0.2 Crossbows
 + Level 2.7 Dodging
 + Level 4.1 Stealth
 + Level 3.5 Spellcasting
 + Level 5.3 Conjurations


You had 10 spell levels left.
You knew the following spells:

 Your Spells              Type           Power      Damage    Failure   Level
a - Magic Dart            Conj           92%        1d7       1%          1
b - Searing Ray           Conj           46%        3d4       2%          2

Your spell library contained the following spells:

 Spells                   Type           Power      Damage    Failure   Level
 Sandblast                Erth           6%         2d5       14%         1
 Dazzling Flash           Conj/Hex       26%        N/A       14%         3
 Passwall                 Tmut/Erth      2%         N/A       22%         2
 Ozocubu's Armour         Ice            3%         N/A       41%         3
 Fulminant Prism          Conj/Hex       6%         3d7       43%         4
 Iskenderun's Mystic Bla  Conj/Tloc      13%        2d5       43%         4
 Lee's Rapid Deconstruct  Erth           1%         3d5*      99%         5
 Ozocubu's Refrigeration  Ice            1%         4d5       100%        7


Dungeon Overview and Level Annotations

Branches:
Dungeon (5/15)
 Temple: D:4-7

Altars:
Cheibriados
Sif Muna

Shops:
D:4 [

Annotations:
D:2 1 runed translucent door, Crazy Yiuf


Innate Abilities, Weirdness & Mutations

You have extremely sharp teeth.
Your natural rate of healing is unusually fast.
When hurt, damage is shared between your health and your magic reserves.
Your bite disrupts and absorbs the magic of your enemies.
Potions cannot restore your health.


Message History

The howler monkey zombie is severely damaged.
You miss the orc wizard. The orc wizard closely misses you.
The howler monkey zombie barely misses you.
The orc wizard gestures at you while chanting.
The magic dart hits you.
You hit the howler monkey zombie.
Your bite misses the howler monkey zombie.
The howler monkey zombie is severely damaged.
You barely miss the wyvern zombie. You hit the orc wizard.
The wyvern zombie bites you.
The howler monkey zombie hits you but does no damage.
The orc wizard hits you with a +0 dagger.
You closely miss the howler monkey zombie.
You bite the howler monkey zombie. You drain its power.
You feel invigorated.
The howler monkey zombie is almost destroyed.
You hit the wyvern zombie but do no damage.
You hit the orc wizard. The wyvern zombie barely misses you.
The howler monkey zombie hits you. The orc wizard misses you.
The wyvern zombie bites you.
You barely miss the howler monkey zombie.
Your bite misses the howler monkey zombie.
The howler monkey zombie is almost destroyed.
You barely miss the orc wizard.
You hit the wyvern zombie but do no damage.
The howler monkey zombie hits you. The wyvern zombie bites you!
The orc wizard hits you with a +0 dagger.
* * * LOW HITPOINT WARNING * * *
Unknown command.
Okay, then.
Aiming: Throw Flame
Press: ? - help, Shift-Dir - straight line, f - orc wizard
Aim: an orc wizard, wielding a +0 dagger and wearing a +0 robe (moderately wounded, slightly transparent, 60% to hit)
The puff of flame hits the orc wizard.
The orc wizard is heavily wounded.
The wyvern zombie bites you.
* * * LOW HITPOINT WARNING * * *
The howler monkey zombie hits you.
* * * LOW HITPOINT WARNING * * *
The orc wizard closely misses you. The wyvern zombie bites you!
You die...

....... ........#
#).......###........##
.........#... .... !#
.......#.)### ... ..Z
#..........##.##..#
#....##....#......#
#.....####.......#
..#.....####.oZ##..#
.......<..##.Z@....#.
$.#...................
##..#.###..##.......
#..####..## #####.. #.
#.. # .. #... #. .....
.. ...#.. .h..<..


You could see an orc wizard (invisible), a wyvern zombie and a howler monkey
zombie.

Vanquished Creatures
  A black bear (D:4)
  Blork the orc (D:4)
  A jelly (D:4)
  An orc priest (D:4)
  Natasha (thrice) (D:3)
  An orc wizard (D:4)
  4 gnolls (D:3)
  7 adders
  A dart slug (D:3)
  4 orcs
  4 ball pythons
  3 endoplasms
  A giant cockroach (D:1)
  5 goblins
  10 hobgoblins
  20 jackals
  2 kobolds
  3 quokkas
  8 bats
  3 rats
83 creatures vanquished.

Vanquished Creatures (others)
  A fungus (D:2)
  6 plants (D:4)
7 creatures vanquished.

Grand Total: 90 creatures vanquished

Notes
Turn   | Place    | Note
-------+----------+-------------------------------------------
     0 | D:1      | Zonian the Vine Stalker Conjurer began the quest for the
                  | Orb.
     0 | D:1      | Reached XP level 1. HP: 9/9 MP: 4/4
   595 | D:1      | Reached XP level 2. HP: 13/13 MP: 6/6
   932 | D:2      | Learned a level 2 spell: Searing Ray
   936 | D:2      | Reached XP level 3. HP: 10/16 MP: 2/7
  1597 | D:2      | Reached skill level 1 in Axes
  1700 | D:2      | Gained mutation: Your natural rate of healing is unusually
                  | fast. [Vine Stalker growth]
  1700 | D:2      | Reached XP level 4. HP: 21/21 MP: 4/8
  2310 | D:2      | Found a faded altar of an unknown god.
  2330 | D:2      | Found a snail-covered altar of Cheibriados.
  2369 | D:2      | Identified a scroll of acquirement
  2369 | D:2      | Acquired the +6 arbalest "Damnation" {damnation}
  2370 | D:2      | Found the +6 arbalest "Damnation" {damnation}
  2954 | D:2      | Found a runed translucent door.
  2955 | D:2      | Noticed Crazy Yiuf
  3779 | D:3      | Reached XP level 5. HP: 25/25 MP: 8/10
  3926 | D:3      | Reached skill level 1 in Fighting
  3950 | D:3      | Noticed Natasha
  3980 | D:3      | Killed Natasha
  4366 | D:3      | Noticed Natasha
  4368 | D:3      | Killed Natasha
  4369 | D:3      | Reached skill level 5 in Conjurations
  4369 | D:3      | Reached XP level 6. HP: 30/30 MP: 7/11
  4622 | D:3      | Noticed Natasha
  4630 | D:3      | Killed Natasha
  5780 | D:4      | Noticed a black bear
  5789 | D:4      | Killed a black bear
  5998 | D:4      | Found Hoebbyasm's Armour Emporium.
  6098 | D:4      | Noticed Blork the orc
  6353 | D:4      | Killed Blork the orc
  6354 | D:4      | Reached XP level 7. HP: 34/34 MP: 13/13
  6360 | D:4      | Found a shimmering blue altar of Sif Muna.
  6465 | D:5      | Entered Level 5 of the Dungeon
  6790 | D:5      | Slain by a wyvern zombie

Illustrated notes

Levels and vault maps discovered:
D:1:      dpeg_arrival_round_c, layout_rooms
D:2:      layout_basic, basic_altar, hellmonk_ecumenical_altar_lost_god,
          minmay_cut_off, uniq_crazy_yiuf_cottage
D:3:      layout_basic, grunt_ministairs_15, uniq_natasha
D:4:      layout_gridville, tgw_sif, serial_shops, kennysheep_mini_moat,
          serial_bayou, serial_bayou_pond_e, serial_bayou_pond_c,
          serial_bayou_shore_a, serial_bayou_pond_a, serial_bayou_lagoon_a
D:5:      layout_cave_pools, nicolae_overflow_crystal_walls

Skill      XL: |  1  2  3  4  5  6  7 |
---------------+----------------------+-----
Axes           | 1 2 |  2.7
Dodging        | 2 |  2.7
Stealth        | 3 4 |  4.1
Fighting       | 1 2 |  2.0
Spellcasting   | 3 |  3.5
Conjurations   | 5 |  5.3
Crossbows      | |  0.2

Action                   |  1- 3 |  4- 6 |  7- 9 || total
-------------------------+-------+-------+-------++-------
Melee: Hand axe          |    55 |    59 |    30 ||   144
       Bite              |    11 |     5 |     6 ||    22
 Fire: Arbalest          |       |     3 |       ||     3
 Cast: Magic Dart        |    34 |    56 |     7 ||    97
       Searing Ray       |     2 |    10 |       ||    12
Evoke: Wand              |       |       |     1 ||     1
  Use: Scroll            |       |     8 |       ||     8
 Stab: Sleeping          |     2 |     2 |     1 ||     5
       Distracted        |       |     1 |       ||     1
Armor: Robe              |    16 |    23 |     4 ||    43
Dodge: Dodged            |    46 |    54 |    27 ||   127

Table legend: (Time is in decaauts)
 A = Elapsed time spent in this place.
 B = Non-inter-level travel time spent in this place.
 C = Inter-level travel time spent in this place.
 D = Time resting spent in this place.
 E = Time spent auto-exploring this place.
 F = Levels seen in this place.
 G = Mean time per level.
                   A        B        C        D        E       F      G
               +--------+--------+--------+--------+--------+-----+--------+
         Total |   6865 |   6553 |    312 |   3277 |   2572 |   5 | 1373.0 |
       Dungeon |   6865 |   6553 |    312 |   3277 |   2572 |   5 | 1373.0 |
               +--------+--------+--------+--------+--------+-----+--------+

Top non-repeatable levels by time:
     D:2: 2318 daAuts
     D:3: 1848 daAuts
     D:4: 1670 daAuts
     D:1: 959 daAuts
     D:5: 68 daAuts
